Map: Triton LE

Players

Bly

  • Race: Zerg Zerg
  • Spawn Location: 5:00

INnoVation - Winner!

  • Race: Terran Terran
  • Spawn Location: 11:00

Event: IEM Katowice 2020

VOD

https://youtu.be/H8up-1KyS1Q?t=7

Description

Time

  • Played on: Feb. 24, 2020, 12:19 p.m.
  • Length: 6:29

All games in this series

Show
View Real Time Build Order
Export as new Build Order

Bly Zerg 

Build Orders: Hatch First, Ravager All-In 

Get SALT Encoding   

  12  0:01  Drone  
  13  0:14  Drone  
  14  0:39  Hatchery  
  13  0:51  Spawning Pool  
  13  0:55  Drone  
  13  0:59  Drone  
  14  1:08  Extractor, Drone  
  14  1:13  Extractor, Drone  
  14  1:31  Overlord  
  14  1:38  Roach Warren  
  14  1:39  Drone  
  14  1:50  Drone  
  14  1:51  Drone  
  14  1:53  Zergling x2  
  17  2:20  Roach x2  
  20  2:24  Roach  
  22  2:30  Overlord  
  22  2:35  Roach  
  24  2:42  Ravager x2  
  26  2:46  Roach  
  26  2:50  Ravager  
  29  3:02  Roach  
  29  3:03  Drone  
  32  3:11  Overlord  
  32  3:21  Ravager  
  33  3:29  Roach  
  35  3:35  Ravager  
  36  3:43  Ravager  
  25  3:59  Roach x3  
  25  4:03  Drone x2  
  25  4:04  Drone  
  28  4:11  Ravager  
  29  4:22  Overlord  
  29  4:23  Metabolic Boost  
  29  4:30  Queen  
  31  4:44  Roach x2  
  31  4:45  Roach  
  37  4:49  Zergling x2  
  38  5:00  Overlord  
  38  5:11  Ravager  
  38  5:12  Zergling x6, Ravager  
  43  5:23  Ravager  
  43  5:26  Zergling x2  
  45  5:33  Ravager  
  46  5:37  Zergling x8  
  50  5:46  Zergling x2  
  44  6:02  Overlord x2  
  43  6:08  Overlord  
  43  6:09  Overlord  
Show
View Real Time Build Order
Export as new Build Order

INnoVation Terran - Winner!

Build Orders: Reaper Expand 

Get SALT Encoding   

  12  0:00  SCV  
  13  0:12  SCV  
  14  0:17  Supply Depot  
  14  0:24  SCV  
  15  0:38  SCV  
  15  0:39  Barracks  
  16  0:43  Refinery  
  16  0:50  SCV  
  17  1:02  SCV  
  18  1:14  SCV  
  19  1:26  Reaper  
  19  1:27  Orbital Command  
  20  1:38  Command Center  
  20  1:49  Supply Depot  
  20  1:52  SCV  
  21  1:58  Marine  
  22  2:04  SCV  
  22  2:08  Factory  
  23  2:16  SCV  
  23  2:19  Bunker  
  23  2:22  Barracks Reactor  
  24  2:26  Refinery  
  24  2:28  SCV  
  25  2:36  Command Center  
  25  2:40  SCV  
  26  2:51  Factory Tech Lab  
  26  2:53  SCV, Supply Depot  
  26  2:58  Marine x2  
  28  3:15  SCV, Cyclone  
  31  3:28  Supply Depot  
  31  3:48  Marine, SCV  
  27  3:51  Orbital Command  
  26  3:59  Factory Tech Lab  
  26  4:00  SCV  
  26  4:06  Marine  
  27  4:12  SCV  
  28  4:18  Siege Tank  
  28  4:22  SCV  
  28  4:23  Marine  
  33  4:24  SCV  
  33  4:26  Orbital Command  
  33  4:28  Starport  
  34  4:36  SCV  
  35  4:41  Marine  
  36  4:50  SCV  
  36  4:51  Siege Tank  
  40  4:54  SCV  
  41  5:01  Supply Depot  
  41  5:02  SCV  
  41  5:04  Barracks Reactor  
  41  5:06  SCV, Starport Tech Lab  
  43  5:12  Supply Depot  
  43  5:14  SCV  
  43  5:18  SCV  
  45  5:22  Bunker  
  45  5:23  Siege Tank  
  48  5:29  Bunker  
  48  5:30  SCV x2  
  50  5:37  Banshee  
  50  5:42  SCV x2, Marine  
  55  5:48  Supply Depot  
  55  5:57  Marine  
  51  6:00  Marine  
  56  6:11  Supply Depot  
  56  6:13  Supply Depot  

Tags
 
Add a new tag
Caveats
  • Supply blocks, unpowered buildings, or Contaminate may cause inaccurate times.
  • Supply counts are checked every 10 seconds.